 Dungeon Crawl Stone Soup version 0.31-a0-986-g5e6e4ef867 (webtiles) character file.

Game seed: 14040437972666836429

460 jlumianski the Ruffian (level 7, -14/52 HPs)
             Began as a Gnoll Shapeshifter on Nov 5, 2023.
             Demolished by an ogre
             ... wielding a +0 giant club
              (25 damage)
             ... on level 3 of the Dungeon.
             The game lasted 00:11:53 (3068 turns).

jlumianski the Ruffian (Gnoll Shapeshifter)         Turns: 3068, Time: 00:11:54

Health: -14/52     AC:  8    Str: 16    XL:     7   Next: 7%
Magic:  10/10      EV:  9    Int:  9    God:
Gold:   136        SH:  0    Dex: 17    Spells: 10/10 levels left

rFire   . .          .
                       - Unarmed
rCold   . . .        (no shield)
rNeg    . . .        g - +0 chain mail
rPois   .            (helmet currently unavailable)
rElec   .            (cloak currently unavailable)
rCorr   .            (gloves currently unavailable)
SInv    .            (boots currently unavailable)
Will    .....        l - amulet of magic regeneration Stlth
                     o - +6 ring of dexterity
HPRegen 0.28/turn    (no ring)
MPRegen 0.52/turn

%: no passive effects
@: beast-form
A: beast (slay +3), fangs 1, strong nose, distributed training
a: Begin Untransformation


You were on level 3 of the Dungeon.
You were a hulking beast.
You visited 1 branch of the dungeon, and saw 4 of its levels.

You collected 136 gold pieces.

Inventory:

Hand Weapons
 i - a +0 dagger of freezing
 w - a +3 dagger of freezing
 z - a +1 heavy hand axe
 E - the +4 flail of Noiluil {pain, rPois}
   (You found it on level 4 of the Dungeon)

   rPois:     It protects you from poison
 F - a +1 heavy spear
Missiles
 j - 2 atropa-tipped darts
 k - 6 poisoned darts (quivered)
 s - 29 stones
 A - 3 boomerangs
Armour
 a - a +0 animal skin
 g - a +0 chain mail (worn)
 x - a +0 leather armour
 y - a +0 ring mail
 B - a +0 chain mail
Jewellery
 l - an amulet of magic regeneration (around neck)
 o - a +6 ring of dexterity (left hand)
Talismans
 c - a beast talisman
 d - a flux talisman
Scrolls
 m - a scroll of noise
 n - 2 scrolls of enchant weapon
 r - a scroll of blinking {unknown}
 t - a scroll of teleportation {unknown}
 u - a scroll of fog {unknown}
Potions
 b - 2 potions of lignification
 f - 2 potions of magic
 h - a potion of brilliance
 p - a potion of ambrosia
 q - a potion of enlightenment
 v - a potion of invisibility
 C - a potion of resistance
 D - a potion of attraction {unknown}


   Skills:
 + Level 3.5 Fighting
 + Level 2.3 Short Blades
 + Level 2.3 Long Blades
 + Level 2.3 Axes
 + Level 2.3 Maces & Flails
 + Level 2.3 Polearms
 + Level 2.3 Staves
 + Level 2.3 Ranged Weapons
 + Level 2.3 Throwing
 + Level 2.3 Armour
 + Level 5.1 Dodging
 + Level 2.3 Stealth
 + Level 2.3 Shields
 + Level 7.0 Unarmed Combat
 + Level 2.3 Spellcasting
 + Level 1.8 Conjurations
 + Level 1.8 Hexes
 + Level 1.8 Summonings
 + Level 1.8 Necromancy
 + Level 1.8 Translocations
 + Level 1.8 Transmutations
 + Level 1.8 Fire Magic
 + Level 1.8 Ice Magic
 + Level 1.8 Air Magic
 + Level 1.8 Earth Magic
 + Level 1.8 Poison Magic
 + Level 2.5 Invocations
 + Level 2.3 Evocations
 + Level 6.9 Shapeshifting


You had 10 spell levels left.
You didn't know any spells.
Your spell library contained the following spells:

 Spells                   Type           Power      Damage    Failure   Level
 Magic Dart               Conj           16%        1d3       88%         1
 Call Imp                 Summ           8%         N/A       96%         2
 Scorch                   Fire           8%         2d5       96%         2
 Mephitic Cloud           Conj/Pois/Air  4%         N/A       99%         3
 Flame Wave               Conj/Fire      4%         2d5       100%        4
 Summon Cactus Giant      Summ           2%         N/A       100%        6


Dungeon Overview and Level Annotations

Branches:
Dungeon (4/15)
 Temple: D:4-7

Altars:

Annotations:
D:3 Firecrotchwizard's ghost, amateur HOMo


Innate Abilities, Weirdness & Mutations

You are a hulking beast.
Your limbs bulge with bestial killing power. (Slay +3)
You have very sharp teeth.
Your uncanny sense of smell can sniff out nearby items.
Your experience applies equally to all skills.


Message History

You start resting.
Firecrotchwizard's ghost says, "Try not to bleed too much."
Firecrotchwizard's ghost says, "I'll split you in two!"
Firecrotchwizard's ghost whispers, "They're coming for you..."
Firecrotchwizard's ghost screams, "Zot is a myth, the ORB is a fable, you'll soon be a tale!"
Firecrotchwizard's ghost says, "What do you have that I didn't have?"
Firecrotchwizard's ghost wails, "I have seen your future, and it is all used up."
HP restored.
You start waiting.
Firecrotchwizard's ghost ripples.
Firecrotchwizard's ghost mumbles, "They all look like pillowcases to me..."
Done waiting.
As you read the scroll labelled BYEH RIEM FUIV, it crumbles to dust.
You hear a loud clanging noise!
It was a scroll of noise.
As you read the scroll labelled LIASOWICAUDGH, it crumbles to dust.
It is a scroll of enchant weapon.
Your +2 dagger of freezing glows red for a moment.
There is a transporter here.
You enter the transporter and appear at another place.
There is a transporter here.
You enter the transporter and appear at another place.
The ogre hits you with a +0 giant club!!
You punch the ogre!
The ogre is moderately wounded.
You barely miss the ogre. Your bite misses the ogre.
The ogre is moderately wounded.
The ogre closely misses you.
You punch the ogre!
The ogre is severely wounded.
You hit the ogre. You punch the ogre.
The ogre is almost dead.
The ogre hits you with a +0 giant club!!
* * * LOW HITPOINT WARNING * * *
You hit the ogre.
The ogre is almost dead.
You closely miss the ogre.
The ogre is almost dead.
The ogre hits you with a +0 giant club!!
You die...

.........................#.###
#......#...####..........#.#####
.........<.# #................##
........########.........#######.
........#......#.........# #.
....>...#..##..#.........# #.
........#.#..#.#...#.....#### #.
........#.#..#.#............# #.
##.##...#.W##..#h........##.####.
##.###..#©....O#O................
.....#..#..##.W#©...#...###..##..
##.#.#..#.#..#.#..#.#............
##......#.#..#.#........###..##..
...#....#..##..#.................
.....#..#.....©#..#.#........####
...#.#..########.................
........##...##.###.##...........


You could see 2 ogres and Firecrotchwizard's ghost.

Vanquished Creatures
  Sigmund (D:3)
  A scorpion (D:3)
  A hound (D:3)
  2 orc priests (D:3)
  4 gnolls (D:3)
  4 adders
  A worm (D:3)
  A dart slug (D:1)
  10 orcs (D:3)
  7 ball pythons
  5 endoplasms
  2 giant cockroaches
  A goblin (D:1)
  2 hobgoblins
  4 jackals (D:3)
  4 quokkas
  7 bats
  2 frilled lizards
  7 kobolds
  7 rats
73 creatures vanquished.

Notes
Turn   | Place    | Note
-------+----------+-------------------------------------------
     0 | D:1      | jlumianski the Gnoll Shapeshifter began the quest for the
                  | Orb.
     0 | D:1      | Reached XP level 1. HP: 17/17 MP: 1/1
   162 | D:2      | Reached XP level 2. HP: 23/23 MP: 2/2
   318 | D:2      | You fall into a shaft and drop 1 floor!
   355 | D:3      | Reached XP level 3. HP: 21/28 MP: 3/3
   366 | D:3      | Reached skill level 1 in Short Blades
   366 | D:3      | Reached skill level 1 in Long Blades
   366 | D:3      | Reached skill level 1 in Axes
   366 | D:3      | Reached skill level 1 in Maces & Flails
   366 | D:3      | Reached skill level 1 in Polearms
   366 | D:3      | Reached skill level 1 in Staves
   366 | D:3      | Reached skill level 1 in Ranged Weapons
   366 | D:3      | Reached skill level 1 in Throwing
   366 | D:3      | Reached skill level 1 in Armour
   366 | D:3      | Reached skill level 1 in Stealth
   366 | D:3      | Reached skill level 1 in Shields
   366 | D:3      | Reached skill level 1 in Spellcasting
   366 | D:3      | Reached skill level 1 in Invocations
   366 | D:3      | Reached skill level 1 in Evocations
   366 | D:3      | Reached XP level 4. HP: 29/34 MP: 5/5
   436 | D:3      | Found a transporter.
   456 | D:3      | Found a transporter.
   456 | D:3      | Identified the +9 great mace of Estit {speed, Int+3}
   456 | D:3      | Noticed an ogre
   459 | D:3      | Noticed Firecrotchwizard's ghost (amateur HOMo)
   461 | D:3      | Noticed an ogre
   697 | D:1      | Reached skill level 1 in Conjurations
   697 | D:1      | Reached skill level 1 in Hexes
   697 | D:1      | Reached skill level 1 in Summonings
   697 | D:1      | Reached skill level 1 in Necromancy
   697 | D:1      | Reached skill level 1 in Translocations
   697 | D:1      | Reached skill level 1 in Transmutations
   697 | D:1      | Reached skill level 1 in Fire Magic
   697 | D:1      | Reached skill level 1 in Ice Magic
   697 | D:1      | Reached skill level 1 in Air Magic
   697 | D:1      | Reached skill level 1 in Earth Magic
   697 | D:1      | Reached skill level 1 in Poison Magic
  1035 | D:1      | Found a faded altar of an unknown god.
  1671 | D:3      | Reached XP level 5. HP: 41/41 MP: 5/7
  1985 | D:4      | Identified the +4 flail of Noiluil {pain, rPois}
  2036 | D:3      | Noticed Sigmund
  2052 | D:3      | Killed Sigmund
  2053 | D:3      | Reached skill level 5 in Dodging
  2053 | D:3      | Reached XP level 6. HP: 13/47 MP: 7/9
  2411 | D:3      | Reached XP level 7. HP: 49/52 MP: 10/10
  2667 | D:3      | Reached skill level 7 in Unarmed Combat
  3068 | D:3      | Demolished by an ogre

Illustrated notes

Levels and vault maps discovered:
D:1:      grunt_arrival_crossed_arrows, layout_loops_ring,
          hellmonk_ecumenical_altar_zigzags
D:2:      layout_rooms
D:3:      layout_basic, gammafunk_ghost_smash, uniq_sigmund
D:4:      layout_loops_ring, minivault_25, chequers_serial_rivers_micro_e,
          hangedman_decor_riveting, kennysheep_potato

Skill      XL: |  1  2  3  4  5  6  7 |
---------------+----------------------+-----
Short Blades   | 1 2 |  2.3
Long Blades    | 1 2 |  2.3
Axes           | 1 2 |  2.3
Maces & Flails | 1 2 |  2.3
Polearms       | 1 2 |  2.3
Staves         | 1 2 |  2.3
Ranged Weapons | 1 2 |  2.3
Throwing       | 1 2 |  2.3
Armour         | 1 2 |  2.3
Stealth        | 1 2 |  2.3
Shields        | 1 2 |  2.3
Spellcasting   | 1 2 |  2.3
Invocations    | 1 2 |  2.5
Evocations     | 1 2 |  2.3
Conjurations   | 1 |  1.8
Hexes          | 1 |  1.8
Summonings     | 1 |  1.8
Necromancy     | 1 |  1.8
Translocations | 1 |  1.8
Transmutations | 1 |  1.8
Fire Magic     | 1 |  1.8
Ice Magic      | 1 |  1.8
Air Magic      | 1 |  1.8
Earth Magic    | 1 |  1.8
Poison Magic   | 1 |  1.8
Fighting       | 3 |  3.5
Dodging        | 5 |  5.1
Unarmed Combat | 7 |  7.0
Shapeshifting  | |  6.9

Action                     |  1- 3 |  4- 6 |  7- 9 || total
---------------------------+-------+-------+-------++-------
  Melee: Unarmed           |    34 |    83 |    19 ||   136
         Punch             |     3 |     5 |     1 ||     9
         Bite              |       |    11 |     2 ||    13
         Flail             |       |    34 |       ||    34
    Use: Potion            |     1 |       |     2 ||     3
         Scroll            |       |       |     6 ||     6
 Armour: Chain mail        |     8 |    86 |    10 ||   104
         Skin              |    15 |       |       ||    15
  Dodge: Dodged            |    12 |    49 |     5 ||    66

Table legend: (Time is in decaauts)
 A = Elapsed time spent in this place.
 B = Non-inter-level travel time spent in this place.
 C = Inter-level travel time spent in this place.
 D = Time resting spent in this place.
 E = Time spent auto-exploring this place.
 F = Levels seen in this place.
 G = Mean time per level.
                   A        B        C        D        E       F      G
               +--------+--------+--------+--------+--------+-----+--------+
         Total |   3066 |   2993 |     73 |    416 |   1504 |   4 |  766.5 |
       Dungeon |   3066 |   2993 |     73 |    416 |   1504 |   4 |  766.5 |
               +--------+--------+--------+--------+--------+-----+--------+

Top non-repeatable levels by time:
     D:3: 1677 daAuts
     D:1: 686 daAuts
     D:2: 633 daAuts
     D:4: 68 daAuts
